 Dungeon Crawl Stone Soup version 0.28-a0-664-gc179e30c89 (webtiles) character file.

Game seed: 10305929577055482461

151 blank1 the Chopper (level 5, 0/46 HPs)
             Began as a Hill Orc Fighter on Oct 17, 2021.
             Slain by a hound (2 damage)
             ... on level 6 of the Dungeon.
             The game lasted 00:03:51 (2522 turns).

blank1 the Chopper (Hill Orc Fighter)               Turns: 2522, Time: 00:03:51

Health: 0/46       AC:  8    Str: 20    XL:     5   Next: 33%
Magic:  5/5        EV:  9    Int:  8    God:
Gold:   85         SH:  4    Dex: 10    Spells: 4/4 levels left

rFire   . . .      SeeInvis .   a - +0 war axe
rCold   . . .      Faith    .   c - +0 buckler
rNeg    . . .      Spirit   .   b - +0 scale mail
rPois   .          Reflect  .   f - +0 helmet
rElec   .          Harm     .   (no cloak)
rCorr   .          Rampage  .   (no gloves)
Will    .....                   (no boots)
Stlth   ..........              (no amulet)
HPRegen 0.15/turn               (no ring)
MPRegen 0.09/turn               (no ring)

@: no status effects
A: no striking features
a: no special abilities


You were on level 6 of the Dungeon.
You visited 2 branches of the dungeon, and saw 6 of its levels.

You collected 85 gold pieces.

Inventory:

Hand Weapons
 a - a +0 war axe (weapon)
Armour
 b - a +0 scale mail (worn)
 c - a +0 buckler (worn)
 f - a +0 helmet (worn)
Jewellery
 e - a ring of willpower
Scrolls
 g - 3 scrolls of identify {unknown}
 h - a scroll of fog {unknown}
Potions
 d - a potion of might
 i - 2 potions of curing {unknown}


   Skills:
 + Level 4.2 Fighting
 + Level 5.2 Axes
 - Level 4.0 Armour
 + Level 0.6 Dodging
 - Level 4.0 Shields


You had 4 spell levels left.
You didn't know any spells.
Your spell library was empty.

Dungeon Overview and Level Annotations

Branches:
Dungeon (6/15)             Temple (1/1) D:5

Altars:
Dithmenos
Elyvilon
Fedhas
Gozag
Hepliaklqana
Kikubaaqudgha
Makhleb
Nemelex Xobeh
Qazlal
Ru
Sif Muna
Trog
Uskayaw
Vehumet
Wu Jian
Xom
Yredelemnul
Zin
The Shining One

Annotations:
D:5 Prince Ribbit


Message History

The hound barely misses you. The hound completely misses you.
Found a +0 club.
Prince Ribbit blinks!
The adder bites you.
You are poisoned.
The adder poisons you! The hound barely misses you.
You feel sick.
There is a stone staircase leading down here.
You feel sick. The hound misses you. The adder barely misses you.
The hound bites you but does no damage.
You climb downwards.
You hear the sound of rushing water.
There is an entrance to a sewer on this level.
Hurry and find it before the portal rusts away!
You hear the brisk rusting of a very distant drain.
You feel sick.
Found a rapier, a scroll labelled CELASCH LAJI and a fizzy blue potion.
There is a stone staircase leading up here.
You barely miss the hound. You hit the adder.
You feel sick.
You are no longer poisoned.
The adder closely misses you. The hound bites you.
* * * LOW HITPOINT WARNING * * *
The adder bites you.
* * * LOW HITPOINT WARNING * * *
You are poisoned.
The adder poisons you!
You barely miss the adder.
The adder is lightly wounded.
You hit the hound but do no damage.
You feel sick. The hound misses you. The adder closely misses you.
The hound bites you but does no damage. The adder closely misses you.
You miss the adder.
The adder is lightly wounded.
You closely miss the hound.
You feel sick. The hound bites you.
* * * LOW HITPOINT WARNING * * *
The adder bites you but does no damage. The hound bites you but does no damage.
Unknown command.
You slash the adder!
You kill the adder!
You slash the hound!
You feel sick.
You are no longer poisoned.
The hound bites you but does no damage. The hound bites you.
You die...

.####
.....#
......###
....)...##
#@h#
#...†#
.......#
.?.....###
.....##
...## .!.
..


You could see a hound.

Vanquished Creatures
  An orc priest (D:5)
  3 adders
  3 gnolls
  A worm (D:2)
  A dart slug (D:1)
  3 orcs (D:5)
  A ball python (D:2)
  8 endoplasms
  5 giant cockroaches
  9 goblins
  3 hobgoblins
  6 jackals (D:1)
  4 kobolds
  4 quokkas
  4 bats
  3 frilled lizards
  2 rats
61 creatures vanquished.

Notes
Turn   | Place    | Note
-------+----------+-------------------------------------------
     0 | D:1      | blank1 the Hill Orc Fighter began the quest for the Orb.
     0 | D:1      | Reached XP level 1. HP: 19/19 MP: 1/1
   109 | D:1      | Reached skill level 3 in Axes
   109 | D:1      | Reached XP level 2. HP: 27/27 MP: 2/2
   372 | D:1      | Reached XP level 3. HP: 33/33 MP: 3/3
   923 | D:1      | Reached XP level 4. HP: 14/40 MP: 4/4
  1130 | D:2      | Reached skill level 4 in Axes
  1670 | D:2      | Reached skill level 5 in Axes
  1859 | D:2      | Found a basalt altar of Yredelemnul.
  1923 | D:2      | Found a faded altar of an unknown god.
  2129 | D:2      | Reached XP level 5. HP: 46/46 MP: 5/5
  2183 | D:3      | You fall into a shaft and drop 3 floors!
  2187 | D:5      | Entered Level 5 of the Dungeon
  2219 | D:5      | Found a staircase to the Ecumenical Temple.
  2228 | Temple   | Entered the Ecumenical Temple
  2502 | D:5      | Noticed Prince Ribbit
  2522 | D:6      | HP: 2/46 [poisoned by an adder]
  2522 | D:6      | Slain by a hound

Illustrated notes

Levels and vault maps discovered:
D:1:      zaba_arrival_water, layout_basic
D:2:      minmay_evil_eye, layout_basic, ebering_ecumenical_altar_box,
          basic_altar
D:3:      layout_loops_ring, uniq_grinder, uniq_terence, uniq_robin
D:5:      layout_cave_pools, minmay_temple_entry_junction, uniq_prince_ribbit1,
          uniq_ijyb
D:6:      layout_cave_pools, portal_sewer_entry_b
Temple:   dpeg_five_rooms_temple

Skill      XL: |  1  2  3  4 |
---------------+-------------+-----
Axes           | 3 5 |  5.2
Fighting       | 4 |  4.2
Armour         | 4 |  4.0
Shields        | 4 |  4.0
Dodging        | |  0.6

Action                   |  1- 3 |  4- 6 || total
-------------------------+-------+-------++-------
Melee: War axe           |    98 |    69 ||   167
Armor: Scale mail        |    40 |    31 ||    71
Dodge: Dodged            |    58 |    34 ||    92
Block: Buckler           |    16 |     8 ||    24

Table legend: (Time is in decaauts)
 A = Elapsed time spent in this place.
 B = Non-inter-level travel time spent in this place.
 C = Inter-level travel time spent in this place.
 D = Time resting spent in this place.
 E = Time spent auto-exploring this place.
 F = Levels seen in this place.
 G = Mean time per level.
                   A        B        C        D        E       F      G
               +--------+--------+--------+--------+--------+-----+--------+
         Total |   2583 |   2512 |     71 |    448 |   1596 |   6 |  430.5 |
       Dungeon |   2322 |   2299 |     23 |    448 |   1395 |   5 |  464.4 |
        Temple |    260 |    212 |     48 |      0 |    201 |   1 |  260.0 |
               +--------+--------+--------+--------+--------+-----+--------+

Top non-repeatable levels by time:
     D:1: 1178 daAuts
     D:2: 1050 daAuts
  Temple: 260 daAuts
     D:5: 73 daAuts
     D:3: 11 daAuts
     D:6: 9 daAuts
